TOP OF THE 1ST |
Reading Fightin Phils batting - Pitching for Harrisburg Senators : LHP Manny Ruiz
|
Pitching: LHP Manny Ruiz
|
|
Batting: RHB Tony Perez
|
0-0: Ball 1-0: Swinging Strike 1-1: Ball 2-1: Swinging Strike 2-2: SINGLE (Line Drive, 78S, EV 90.6 MPH)
|
Batting: RHB Chris Myers
|
0-0: Ball 1-0: Foul Ball, location: 2F 1-1: Foul Ball, location: 2F 1-2: Strikes out swinging
|
Batting: RHB Alan Weller
|
0-0: Ball 1-0: Ball 2-0: SINGLE (Groundball, 34, EV 85.0 MPH) (infield hit) Tony Perez to second
|
Batting: RHB Guan-pei Gao
|
0-0: Called Strike 0-1: Foul Ball, location: 2F 0-2: Ball 1-2: Foul Ball, location: 2F 1-2: Strikes out swinging
|
Batting: RHB Pablo Lopez
|
0-0: Ball 1-0: Swinging Strike 1-1: SINGLE (Groundball, 6D, EV 97.5 MPH) Tony Perez to third Alan Weller to second Runner from 3rd tries for Home, SAFE, throw by LF to home
|
Batting: LHB Alex Fernandez
|
0-0: Ball 1-0: SINGLE (Groundball, 4MD, EV 99.4 MPH) Alan Weller to third Pablo Lopez to second Runner from 3rd tries for Home, SAFE, throw by CF to home
|
Batting: RHB Jose Corral
|
0-0: Called Strike 0-1: Foul Ball, location: 2F 0-2: Ground out 4-3 (Groundball, 4, EV 109.4 MPH)
|
Top of the 1st over - 2 runs, 4 hits, 0 errors, 2 left on base; Reading 2 - Harrisburg 0 |
BOTTOM OF THE 1ST |
Harrisburg Senators batting - Pitching for Reading Fightin Phils : RHP Dale Turner
|
Pitching: RHP Dale Turner
|
|
Batting: RHB Pat Drader
|
0-0: Ground out U3 (Groundball, 3, EV 98.1 MPH)
|
Batting: RHB Antonio Laurel
|
0-0: Ground out 6-3 (Groundball, 6, EV 100.6 MPH)
|
Batting: RHB Kevin Wick
|
0-0: Ball 1-0: Ground out 6-3 (Groundball, 6, EV 79.4 MPH)
|
Bottom of the 1st over - 0 runs, 0 hits, 0 errors, 0 left on base; Reading 2 - Harrisburg 0 |
TOP OF THE 2ND |
Reading Fightin Phils batting - Pitching for Harrisburg Senators : LHP Manny Ruiz
|
Batting: RHB Prabhukumar Santhanakrishnan
|
0-0: Foul Ball, location: 2F 0-1: Foul Ball, location: 2F 0-2: Ball 1-2: Strikes out swinging
|
Batting: LHB Doug Frampton
|
0-0: Ball 1-0: Called Strike 1-1: Ball 2-1: Ball 3-1: Base on Balls
|
Batting: RHB Tony Perez
|
0-0: Fielders Choice at 2nd, 5-4 (Groundball, 56, EV 85.6 MPH)
|
Batting: RHB Chris Myers
|
0-0: Called Strike 0-1: Ball 1-1: Called Strike 1-2: Ball 2-2: DOUBLE (Flyball, 89D, EV 96.2 MPH) Tony Perez to third
|
Batting: RHB Alan Weller
|
0-0: Called Strike 0-1: Called Strike 0-2: Ball 1-2: Ball 2-2: Strikes out swinging
|
Top of the 2nd over - 0 runs, 1 hit, 0 errors, 2 left on base; Reading 2 - Harrisburg 0 |
BOTTOM OF THE 2ND |
Harrisburg Senators batting - Pitching for Reading Fightin Phils : RHP Dale Turner
|
Batting: RHB Slavik Nebrodov
|
0-0: Fly out, F9 (Line Drive, 89M, EV 93.8 MPH)
|
Batting: RHB Antonio Morado
|
0-0: Called Strike 0-1: Foul Ball, location: 2F 0-2: Ground out 5-3 (Groundball, 56S, EV 80.0 MPH)
|
Batting: RHB John Savard
|
0-0: Called Strike 0-1: Fly out, F7 (Line Drive, 7S, EV 100.0 MPH)
|
Bottom of the 2nd over - 0 runs, 0 hits, 0 errors, 0 left on base; Reading 2 - Harrisburg 0 |
TOP OF THE 3RD |
Reading Fightin Phils batting - Pitching for Harrisburg Senators : LHP Manny Ruiz
|
Batting: RHB Guan-pei Gao
|
0-0: Called Strike 0-1: Swinging Strike 0-2: Foul Ball, location: 2F 0-2: Ball 1-2: SINGLE (Line Drive, 8LS, EV 102.5 MPH)
|
Batting: RHB Pablo Lopez
|
0-0: Ball 1-0: Swinging Strike 1-1: Ball 2-1: Ball 3-1: Base on Balls Guan-pei Gao to second
|
Batting: LHB Alex Fernandez
|
0-0: Ball 1-0: Grounds into double play, 4-6-3 (Groundball, 4, EV 86.2 MPH) Guan-pei Gao to third
|
Batting: RHB Jose Corral
|
0-0: Ball 1-0: Called Strike 1-1: Ground out 4-3 (Groundball, 4S, EV 67.5 MPH)
|
Top of the 3rd over - 0 runs, 1 hit, 0 errors, 1 left on base; Reading 2 - Harrisburg 0 |
BOTTOM OF THE 3RD |
Harrisburg Senators batting - Pitching for Reading Fightin Phils : RHP Dale Turner
|
Batting: RHB John McNeill
|
0-0: Ball 1-0: Fly out, F7 (Line Drive, 7, EV 91.9 MPH)
|
Batting: RHB Seth Rutz
|
0-0: Ground out 4-3 (Groundball, 4MD, EV 98.1 MPH)
|
Batting: LHB Yasuo Igarashi
|
0-0: Ball 1-0: Ball 2-0: Called Strike 2-1: Swinging Strike 2-2: SINGLE (Groundball, 4MD, EV 102.5 MPH)
|
Batting: RHB Pat Drader
|
0-0: Fly out, F9 (Line Drive, 89M, EV 94.4 MPH)
|
Bottom of the 3rd over - 0 runs, 1 hit, 0 errors, 1 left on base; Reading 2 - Harrisburg 0 |
TOP OF THE 4TH |
Reading Fightin Phils batting - Pitching for Harrisburg Senators : LHP Manny Ruiz
|
Batting: RHB Prabhukumar Santhanakrishnan
|
0-0: Called Strike 0-1: Ball 1-1: Fly out, F8 (Flyball, 89D, EV 102.5 MPH)
|
Batting: LHB Doug Frampton
|
0-0: Called Strike 0-1: Called Strike 0-2: Ball 1-2: Ball 2-2: Strikes out swinging
|
Batting: RHB Tony Perez
|
0-0: Called Strike 0-1: Ball 1-1: Foul Ball, location: 2F 1-2: SINGLE (Groundball, 56D, EV 97.5 MPH)
|
Batting: RHB Chris Myers
|
0-0: Swinging Strike 0-1: Ball Tony Perez steals 2nd base 1-1: Hit by Pitch
|
Batting: RHB Alan Weller
|
0-0: Foul Ball, location: 2F 0-1: Ball 1-1: DOUBLE (Line Drive, 89M, EV 103.8 MPH) Tony Perez scores Chris Myers to third Runner from 3rd tries for Home, SAFE, no throw by RF
|
Batting: RHB Guan-pei Gao
|
0-0: Ball 1-0: Foul Ball, location: 2F 1-1: Fly out, F7 (Flyball, 78S, EV 70.6 MPH)
|
Top of the 4th over - 2 runs, 2 hits, 0 errors, 1 left on base; Reading 4 - Harrisburg 0 |
BOTTOM OF THE 4TH |
Harrisburg Senators batting - Pitching for Reading Fightin Phils : RHP Dale Turner
|
Batting: RHB Antonio Laurel
|
0-0: Ball 1-0: Swinging Strike 1-1: Fly out, F8 (Flyball, 8RM, EV 74.4 MPH)
|
Batting: RHB Kevin Wick
|
0-0: Ball 1-0: Foul Ball, location: 2F 1-1: Foul Ball, location: 2F 1-2: Ground out 5-3 (Groundball, 5L, EV 101.9 MPH)
|
Batting: RHB Slavik Nebrodov
|
0-0: Called Strike 0-1: Fly out, F8 (Flyball, 8LD, EV 91.2 MPH)
|
Bottom of the 4th over - 0 runs, 0 hits, 0 errors, 0 left on base; Reading 4 - Harrisburg 0 |
TOP OF THE 5TH |
Reading Fightin Phils batting - Pitching for Harrisburg Senators : LHP Manny Ruiz
|
Batting: RHB Pablo Lopez
|
0-0: Ball 1-0: Called Strike 1-1: Swinging Strike 1-2: Strikes out swinging
|
Batting: LHB Alex Fernandez
|
0-0: Ground out 1-3 (Groundball, 34S, EV 65.0 MPH)
|
Batting: RHB Jose Corral
|
0-0: Called Strike 0-1: Foul Ball, location: 2F 0-2: Foul Ball, location: 2F 0-2: Ball 1-2: Strikes out swinging
|
Top of the 5th over - 0 runs, 0 hits, 0 errors, 0 left on base; Reading 4 - Harrisburg 0 |
BOTTOM OF THE 5TH |
Harrisburg Senators batting - Pitching for Reading Fightin Phils : RHP Dale Turner
|
Batting: RHB Antonio Morado
|
0-0: Ball 1-0: Ball 2-0: Ground out 6-3 (Groundball, 6, EV 99.4 MPH)
|
Batting: RHB John Savard
|
0-0: Ball 1-0: Swinging Strike 1-1: Ball 2-1: SINGLE (Line Drive, 9LM, EV 85.6 MPH)
|
Batting: RHB John McNeill
|
0-0: Called Strike John Savard steals 2nd base (no throw) 0-1: Ground out 1-3 (Groundball, 13S, EV 74.4 MPH) John Savard to third
|
Batting: RHB Seth Rutz
|
0-0: Called Strike 0-1: Ball 1-1: Foul Ball, location: 2F 1-2: Ball 2-2: Foul Ball, location: 2F 2-2: Strikes out swinging
|
Bottom of the 5th over - 0 runs, 1 hit, 0 errors, 1 left on base; Reading 4 - Harrisburg 0 |
TOP OF THE 6TH |
Reading Fightin Phils batting - Pitching for Harrisburg Senators : LHP Manny Ruiz
|
Batting: RHB Prabhukumar Santhanakrishnan
|
0-0: Ball 1-0: Foul Ball, location: 2F 1-1: Foul Ball, location: 2F 1-2: Strikes out swinging
|
Pitching: LHP Kyle Bachman
|
|
Batting: LHB Doug Frampton
|
0-0: Ball 1-0: Foul Ball, location: 2F 1-1: SINGLE (Groundball, 56D, EV 100.0 MPH)
|
Batting: RHB Tony Perez
|
0-0: Called Strike 0-1: Ball 1-1: Ball 2-1: SINGLE (Line Drive, 9S, EV 105.0 MPH) Doug Frampton to second
|
Batting: RHB Chris Myers
|
0-0: Called Strike 0-1: Ball 1-1: Ball 2-1: Foul Ball, location: 2F 2-2: Strikes out swinging
|
Batting: RHB Alan Weller
|
0-0: Ball 1-0: Ball 2-0: Called Strike 2-1: Ball 3-1: Foul Ball, location: 2F 3-2: Foul Ball, location: 2F 3-2: DOUBLE (Flyball, 89XD, EV 106.9 MPH) Doug Frampton scores Tony Perez to third Tony Perez scores
|
Batting: RHB Guan-pei Gao
|
0-0: Ball 1-0: Ball 2-0: Ball 3-0: Called Strike 3-1: Base on Balls
|
Batting: RHB Pablo Lopez
|
0-0: Ball 1-0: Ball 2-0: Fly out, F9 (Flyball, 89XD, EV 85.6 MPH)
|
Top of the 6th over - 2 runs, 3 hits, 0 errors, 2 left on base; Reading 6 - Harrisburg 0 |
BOTTOM OF THE 6TH |
Harrisburg Senators batting - Pitching for Reading Fightin Phils : RHP Dale Turner
|
Batting: LHB Yasuo Igarashi
|
0-0: Ball 1-0: SINGLE (Groundball, 4D, EV 101.9 MPH)
|
Batting: RHB Pat Drader
|
0-0: Ball Wild Pitch! Yasuo Igarashi to second 1-0: Ground out U3 (Groundball, 34, EV 85.6 MPH) Yasuo Igarashi to third
|
Batting: RHB Antonio Laurel
|
0-0: Fly out, F1 (Line Drive, P, EV 69.4 MPH)
|
Batting: RHB Kevin Wick
|
0-0: Called Strike 0-1: Ball 1-1: Ball 2-1: Called Strike 2-2: Foul Ball, location: 2F 2-2: Foul Ball, location: 2F 2-2: Reached on error, E5 (Groundball, 56S, EV 89.4 MPH) Yasuo Igarashi scores
|
Batting: RHB Slavik Nebrodov
|
0-0: Called Strike Kevin Wick steals 2nd base 0-1: Swinging Strike 0-2: Ball 1-2: Strikes out swinging
|
Bottom of the 6th over - 1 run, 1 hit, 1 error, 1 left on base; Reading 6 - Harrisburg 1 |
TOP OF THE 7TH |
Reading Fightin Phils batting - Pitching for Harrisburg Senators : LHP Kyle Bachman
|
Batting: LHB Alex Fernandez
|
0-0: SINGLE (Line Drive, 78S, EV 94.4 MPH)
|
Batting: RHB Jose Corral
|
0-0: SINGLE (Line Drive, 9S, EV 108.8 MPH) Alex Fernandez to second
|
Batting: RHB Prabhukumar Santhanakrishnan
|
0-0: Ball 1-0: Ball 2-0: Foul Ball, location: 2F 2-1: Foul Ball, location: 2F 2-2: Ball 3-2: Grounds into double play, 5-4-3 (Groundball, 56, EV 83.8 MPH) Alex Fernandez to third
|
Pitching: RHP Alpha Miller
|
|
Batting: LHB Doug Frampton
|
0-0: Called Strike 0-1: Ball 1-1: Foul Ball, location: 2F 1-2: Ball 2-2: Ground out U3 (Groundball, 3, EV 76.2 MPH)
|
Top of the 7th over - 0 runs, 2 hits, 0 errors, 1 left on base; Reading 6 - Harrisburg 1 |
BOTTOM OF THE 7TH |
Harrisburg Senators batting - Pitching for Reading Fightin Phils : RHP Dale Turner
|
Batting: RHB Antonio Morado
|
0-0: Ball 1-0: Ball 2-0: Called Strike 2-1: Ball 3-1: Called Strike 3-2: Base on Balls
|
Batting: RHB John Savard
|
0-0: Ball 1-0: Ball 2-0: Called Strike 2-1: Ball 3-1: Foul Ball, location: 2F 3-2: Strikes out swinging
|
Batting: RHB John McNeill
|
0-0: Called Strike 0-1: SINGLE (Flyball, 5D, EV 90.6 MPH) Antonio Morado to second
|
Batting: RHB Seth Rutz
|
0-0: Called Strike 0-1: Swinging Strike 0-2: Ball 1-2: Ball 2-2: Ball 3-2: Base on Balls Antonio Morado to third John McNeill to second
|
Batting: LHB Yasuo Igarashi
|
0-0: Ball 1-0: Ball 2-0: Ball 3-0: Base on Balls Antonio Morado scores John McNeill to third Seth Rutz to second
|
Pitching: RHP T.J. Gray
|
|
Pinch Hitting: LHB Pat Aviles
|
0-0: Foul Ball, location: 2F 0-1: Ball 1-1: Called Strike 1-2: Ball 2-2: Ball 3-2: Foul Ball, location: 2F 3-2: Base on Balls John McNeill scores Seth Rutz to third Yasuo Igarashi to second
|
Batting: RHB Antonio Laurel
|
0-0: Ball 1-0: Swinging Strike 1-1: Grounds into double play, 3-2-3 (Groundball, 34S, EV 61.9 MPH)
|
Bottom of the 7th over - 2 runs, 1 hit, 0 errors, 2 left on base; Reading 6 - Harrisburg 3 |
TOP OF THE 8TH |
Reading Fightin Phils batting - Pitching for Harrisburg Senators : RHP Alpha Miller
|
Now at 3B: Pat Aviles
|
|
Batting: RHB Tony Perez
|
0-0: Ball 1-0: Ball 2-0: Foul Ball, location: 2F 2-1: Foul Ball, location: 2F 2-2: Ball 3-2: SINGLE (Groundball, 56S, EV 72.5 MPH) (infield hit)
|
Batting: RHB Chris Myers
|
0-0: Called Strike Tony Perez is caught stealing 2nd base 2-4 0-1: Ground out 5-3 (Groundball, 56S, EV 83.8 MPH)
|
Batting: RHB Alan Weller
|
0-0: Foul Ball, location: 2F 0-1: Foul Ball, location: 2F 0-2: Strikes out swinging
|
Top of the 8th over - 0 runs, 1 hit, 0 errors, 0 left on base; Reading 6 - Harrisburg 3 |
BOTTOM OF THE 8TH |
Harrisburg Senators batting - Pitching for Reading Fightin Phils : RHP T.J. Gray
|
Pitching: RHP Ron Knowles
|
|
Batting: RHB Kevin Wick
|
0-0: Ball 1-0: SINGLE (Groundball, 3D, EV 100.6 MPH)
|
Batting: RHB Slavik Nebrodov
|
0-0: Ball 1-0: Swinging Strike 1-1: Ball 2-1: Called Strike 2-2: Strikes out swinging
|
Batting: RHB Antonio Morado
|
0-0: Called Strike 0-1: Foul Ball, location: 2F 0-2: Foul Ball, location: 2F 0-2: Ball Wild Pitch! Kevin Wick to second 1-2: Ball 2-2: SINGLE (Line Drive, 5D, EV 97.5 MPH) Kevin Wick to third Throwing error, E7 Kevin Wick scores Antonio Morado to second
|
Batting: RHB John Savard
|
0-0: SINGLE (Line Drive, 89S, EV 96.9 MPH) Antonio Morado to third Runner from 3rd tries for Home, throw by RF and OUT! 9-2
|
Batting: RHB John McNeill
|
0-0: Called Strike 0-1: Ball 1-1: Swinging Strike 1-2: Ball Wild Pitch! John Savard to second 2-2: Hit by Pitch
|
Batting: RHB Seth Rutz
|
0-0: Ball 1-0: Ground out 3-1 (Groundball, 13, EV 87.5 MPH)
|
Bottom of the 8th over - 1 run, 3 hits, 1 error, 2 left on base; Reading 6 - Harrisburg 4 |
TOP OF THE 9TH |
Reading Fightin Phils batting - Pitching for Harrisburg Senators : RHP Alpha Miller
|
Batting: RHB Guan-pei Gao
|
0-0: Swinging Strike 0-1: Swinging Strike 0-2: Ball 1-2: Strikes out swinging
|
Batting: RHB Pablo Lopez
|
0-0: Ball 1-0: Ball 2-0: Ground out 3-1 (Groundball, 34, EV 81.9 MPH)
|
Batting: LHB Alex Fernandez
|
0-0: Ball 1-0: Called Strike 1-1: Called Strike 1-2: Foul Ball, location: 2F 1-2: Ball 2-2: Strikes out swinging, 2-3 out at first.
|
Top of the 9th over - 0 runs, 0 hits, 0 errors, 0 left on base; Reading 6 - Harrisburg 4 |
BOTTOM OF THE 9TH |
Harrisburg Senators batting - Pitching for Reading Fightin Phils : RHP Ron Knowles
|
Pitching: RHP Jeremy Mitchem
|
|
Batting: LHB Yasuo Igarashi
|
0-0: SINGLE (Groundball, 4MD, EV 98.1 MPH)
|
Batting: LHB Pat Aviles
|
0-0: DOUBLE (Line Drive, 7LM, EV 110.0 MPH) Yasuo Igarashi to third
|
Batting: RHB Antonio Laurel
|
0-0: Foul Ball, location: 2F 0-1: Called Strike 0-2: Ball 1-2: SINGLE (Flyball, 56D, EV 93.1 MPH) Yasuo Igarashi scores Pat Aviles to third
|
Batting: RHB Kevin Wick
|
0-0: Ball 1-0: Called Strike 1-1: Ball 2-1: Fly out, F7 (Flyball, 7, EV 86.9 MPH) Runner from 3rd tags up, SCORES, throw by LF
|
Batting: RHB Slavik Nebrodov
|
0-0: Foul Ball, location: 2F 0-1: Ball 1-1: DOUBLE (Line Drive, 89D, EV 100.6 MPH) Antonio Laurel to third
|
Batting: RHB Antonio Morado
|
0-0: Fly out, F3 (Popup, 34, EV 66.9 MPH)
|
Batting: RHB John Savard
|
0-0: Ball 1-0: Ball 2-0: Swinging Strike 2-1: Swinging Strike 2-2: Ball 3-2: Base on Balls
|
Batting: RHB John McNeill
|
0-0: Ground out 5-3 (Groundball, 56, EV 97.5 MPH)
|
Bottom of the 9th over - 2 runs, 4 hits, 0 errors, 3 left on base; Reading 6 - Harrisburg 6 |
TOP OF THE 10TH |
Reading Fightin Phils batting - Pitching for Harrisburg Senators : RHP Alpha Miller
|
Pitching: RHP Stacey Kerssies
|
|
Pinch Hitting: LHB Danny Zuniga
|
0-0: Called Strike 0-1: Ball 1-1: Foul Ball, location: 2F 1-2: SOLO HOME RUN (Flyball, 9LD, EV 96.2 MPH), Distance : 344 ft
|
Batting: RHB Prabhukumar Santhanakrishnan
|
0-0: Called Strike 0-1: Swinging Strike 0-2: Ball 1-2: Ball 2-2: Foul Ball, location: 2F 2-2: Ball 3-2: Fly out, F9 (Flyball, 89M, EV 85.6 MPH)
|
Batting: LHB Doug Frampton
|
0-0: Called Strike 0-1: Foul Ball, location: 2F 0-2: Ball 1-2: Foul Ball, location: 2F 1-2: Ball 2-2: Fly out, F8 (Flyball, 8LD, EV 101.9 MPH)
|
Batting: RHB Tony Perez
|
0-0: Ground out 3-1 (Groundball, 34S, EV 78.8 MPH)
|
Top of the 10th over - 1 run, 1 hit, 0 errors, 0 left on base; Reading 7 - Harrisburg 6 |
BOTTOM OF THE 10TH |
Harrisburg Senators batting - Pitching for Reading Fightin Phils : RHP Jeremy Mitchem
|
Pitching: LHP Eddie San Miguel
|
|
Now at C: Danny Habermehl
|
|
Batting: RHB Seth Rutz
|
0-0: Ball 1-0: Ball 2-0: Ball 3-0: Called Strike 3-1: Base on Balls
|
Pinch Runner at 1st Paul Shell:
|
|
Pinch Hitting: RHB Ben Welt
|
0-0: Called Strike 0-1: Ball 1-1: Fielders Choice at 2nd, 1-6 (Groundball, 13S, EV 70.0 MPH)
|
Batting: LHB Pat Aviles
|
0-0: Ball 1-0: Ball 2-0: Ball 3-0: Called Strike 3-1: Fielders Choice at 2nd, 4-6 (Groundball, 4, EV 91.2 MPH)
|
Batting: RHB Antonio Laurel
|
0-0: Foul Ball, location: 2F 0-1: Reached on error, E2 (Groundball, 2R, EV 65.0 MPH) Pat Aviles to third
|
Batting: RHB Kevin Wick
|
0-0: Swinging Strike 0-1: Foul Ball, location: 2F 0-2: Ball 1-2: 3-RUN HOME RUN (Line Drive, 78XD, EV 98.8 MPH), Distance : 405 ft
|
Bottom of the 10th over - 3 runs, 1 hit, 1 error, 0 left on base; Reading 7 - Harrisburg 9 |
|